 Dungeon Sprint DCSS version 0.30-a0-618-gd6c86c23d0 (webtiles) character file.

Game seed: 6633882005173644697

16 NinjaNoafa the Stinger (level 2, -4/22 HPs)
             Began as a Naga Venom Mage on Jan 10, 2023.
             Was an Initiate of Jiyva.
             Slain by an iron imp (11 damage)
             ... in the Dungeon (Sprint VII: "The Pits").
             The game lasted 00:02:32 (147 turns).

NinjaNoafa the Stinger (Naga Venom Mage)             Turns: 147, Time: 00:02:32

Health: -4/22      AC:  1    Str: 10    XL:     2   Next: 58%
Magic:  5/6        EV:  9    Int: 15    God:    Jiyva [......]
Gold:   0          SH:  0    Dex: 11    Spells: 4/7 levels left

rFire   . . .      SeeInvis +    h - +2 quarterstaff
rCold   . . .      Faith    .    (shield currently unavailable)
rNeg    . . .      Spirit   .    a - +0 robe
rPois   +          Reflect  .    (no helmet)
rElec   .          Harm     .    (no cloak)
rCorr   .          Rampage  .    (no gloves)
Will    .....      NoTele   +    (no barding)
Stlth   ++                       (no amulet)
HPRegen 0.23/turn                (no ring)
MPRegen 0.10/turn                (no ring)

@: on berserk cooldown, hasted, quick
A: AC +0, large, see invisible, deformed body, poison resistance, slowness 2,
spit poison 1, naga tail 1
a: Spit Poison, Renounce Religion


You were in the Dungeon.
You worshipped Jiyva.
Jiyva was noncommittal.
You visited 1 branch

Inventory:

Hand Weapons
 h - a +2 quarterstaff (weapon)
Armour
 a - a +0 robe (worn)
Scrolls
 g - a scroll of blinking
 j - 5 scrolls of amnesia
 k - a scroll of butterflies
 l - 2 scrolls of vulnerability
Potions
 b - 5 potions of magic
 c - a potion of curing
 f - 2 potions of berserk rage
 i - 2 potions of invisibility


   Skills:
 - Level 1.5 Dodging
 - Level 3.0 Stealth
 - Level 3.2 Spellcasting
 + Level 2.9 Transmutations
 + Level 0.0 Air Magic
 - Level 5.5 Poison Magic


You had 4 spell levels left.
You knew the following spells:

 Your Spells              Type           Power      Damage    Failure   Level
a - Sting                 Tmut/Pois      60%        1d6       3%          1
b - Poisonous Vapours     Pois/Air       20%        N/A       10%         2

Your spell library contained the following spells:

 Spells                   Type           Power      Damage    Failure   Level
 Olgreb's Toxic Radiance  Pois           19%        N/A       21%         4
 Mephitic Cloud           Conj/Pois/Air  7%         N/A       28%         3


Dungeon Overview and Level Annotations

Branches:
Dungeon (1/1)

Altars:
Ashenzari
Cheibriados
Dithmenos
Elyvilon
Fedhas
Gozag
Hepliaklqana
Kikubaaqudgha
Makhleb
Nemelex Xobeh
Okawaru
Qazlal
Ru
Sif Muna
Trog
Uskayaw
Vehumet
Wu Jian
Xom
Yredelemnul
Zin
The Shining One
Jiyva
Lugonu


Innate Abilities, Weirdness & Mutations

Your serpentine skin is tough. (AC +0)
You have supernaturally acute eyesight. (SInv)
Armour fits poorly on your strangely shaped body.
Your system is resistant to poisons. (rPois)
You cover ground very slowly.
You can spit poison.
You have a snake-like lower body.


Message History

You open the door.
An iron imp and an adder zombie come into view.
There is an open door here.
Press: ? - help, v - describe, . - travel
Here: an adder zombie (wandering, hasn't noticed you)
The floor.
Unknown command.
Casting: Sting (safe; 3% risk of failure)
Confirm with . or Enter, or press ? or * to list all spells.
You can't see any susceptible monsters within range! (Use Z to cast anyway.)
The sting hits the adder zombie.
The adder zombie partially resists.
The adder zombie is lightly damaged.
The adder zombie bites you.
The adder zombie bites you but does no damage.
The sting hits the adder zombie.
The adder zombie is lightly damaged.
The adder zombie closely misses you.
You hit the adder zombie.
The adder zombie is heavily damaged.
The adder zombie barely misses you.
You hit the iron imp.
The iron imp is lightly wounded.
The iron imp completely misses you. The iron imp barely misses you.
The adder zombie barely misses you.
You hit the iron imp.
The iron imp is heavily wounded.
The iron imp closely misses you.
You completely miss the iron imp.
The iron imp is heavily wounded.
The iron imp hits you!
You closely miss the iron imp.
The iron imp is heavily wounded.
The iron imp hits you!
* * * LOW HITPOINT WARNING * * *
The iron imp closely misses you.
You feel yourself speed up.
You feel yourself speed up. The iron imp hits you!
Ouch! That really hurt!
You die...

#..(.')))'.##......#..
##########.##.........
#...........'.........
#+#####'#####......#..
#.....# #.........
#...†.# ####'#####
###†### #.......#
#.....# #.......#
#..@..# #.......#
####5## #...<...#
#...Z....##.......#
#........##.......#
###########.......#
#########


You could see an iron imp and an adder zombie.

Vanquished Creatures
  A river rat (D)
  An ufetubus (D)
  2 ball pythons (D)
  A frilled lizard (D)
5 creatures vanquished.

Vanquished Creatures (others)
  the Royal Jelly (D)
  A royal mummy (D)
  3 Ice Fiends (D)
  3 Orb Guardians (D)
  A Hell Sentinel (D)
  A titan (D)
  6 acid blobs (D)
  A shadow dragon (D)
  6 azure jellies (D)
  7 rockslimes (D)
  6 quicksilver oozes (D)
  A spriggan defender (D)
  A deep elf demonologist (D)
  A red draconian (D)
  A mummy priest (D)
  A harpy (D)
  A hornet (D)
  2 golden eyes (D)
  A spriggan (D)
  A floating eye (D)
  A jelly (D)
  An endoplasm (D)
  A giant cockroach (D)
  A kobold (D)
50 creatures vanquished.

Grand Total: 55 creatures vanquished

Notes
Turn   | Place    | Note
-------+----------+-------------------------------------------
     0 | D        | NinjaNoafa the Naga Venom Mage began the quest for the Orb.
     0 | D        | Reached XP level 1. HP: 15/15 MP: 3/3
    80 | D        | Found a bloodstained altar of Trog.
    80 | D        | Found a shimmering blue altar of Sif Muna.
    80 | D        | Found a viscous altar of Jiyva.
    80 | D        | Found a hazy altar of Hepliaklqana.
    80 | D        | Found an opulent altar of Gozag.
    81 | D        | Found a glowing golden altar of the Shining One.
    81 | D        | Found a glowing silver altar of Zin.
    81 | D        | Found a basalt altar of Yredelemnul.
    81 | D        | Found a shimmering altar of Xom.
    81 | D        | Found an ornate altar of the Wu Jian Council.
    81 | D        | Found a sacrificial altar of Ru.
    81 | D        | Found a stormy altar of Qazlal.
    81 | D        | Found an iron altar of Okawaru.
    81 | D        | Found a sparkling altar of Nemelex Xobeh.
    81 | D        | Found a burning altar of Makhleb.
    81 | D        | Found a blossoming altar of Fedhas.
    81 | D        | Found a white marble altar of Elyvilon.
    81 | D        | Found a shadowy altar of Dithmenos.
    81 | D        | Found a snail-covered altar of Cheibriados.
    82 | D        | Found a radiant altar of Vehumet.
    82 | D        | Found a corrupted altar of Lugonu.
    83 | D        | Found a hide-covered altar of Uskayaw.
    83 | D        | Found an ancient bone altar of Kikubaaqudgha.
    83 | D        | Found a broken altar of Ashenzari.
    89 | D        | Became a worshipper of Jiyva Jifietay the Shapeless
    89 | D        | Killed a harpy
    90 | D        | Killed an Ice Fiend
    90 | D        | Killed an azure jelly
    91 | D        | Killed a mummy priest
    93 | D        | Killed an azure jelly
    95 | D        | Killed a deep elf demonologist
    97 | D        | Killed a red draconian
    97 | D        | Killed an azure jelly
    98 | D        | Killed a spriggan
    98 | D        | Killed a rockslime
    98 | D        | Killed a quicksilver ooze
    98 | D        | Killed a Hell Sentinel
    98 | D        | Killed a hornet
    99 | D        | Killed a titan
   100 | D        | Killed a rockslime
   101 | D        | Killed a rockslime
   101 | D        | Killed an acid blob
   101 | D        | Killed the Royal Jelly
   102 | D        | Killed an Ice Fiend
   102 | D        | Killed an acid blob
   103 | D        | Killed an azure jelly
   104 | D        | Killed an acid blob
   104 | D        | Killed an acid blob
   106 | D        | Killed a rockslime
   107 | D        | Killed a quicksilver ooze
   108 | D        | Killed a quicksilver ooze
   109 | D        | Killed a rockslime
   109 | D        | Killed a royal mummy
   109 | D        | Killed a golden eye
   110 | D        | Killed an azure jelly
   111 | D        | Killed an acid blob
   112 | D        | Reached skill level 5 in Poison Magic
   112 | D        | Reached XP level 2. HP: 22/22 MP: 3/6
   112 | D        | Killed an Ice Fiend
   112 | D        | Killed a quicksilver ooze
   114 | D        | Killed a shadow dragon
   118 | D        | Killed an Orb Guardian
   122 | D        | Killed a spriggan defender
   122 | D        | Killed a rockslime
   122 | D        | Killed an azure jelly
   125 | D        | Killed an Orb Guardian
   125 | D        | Killed a quicksilver ooze
   127 | D        | Killed a floating eye
   128 | D        | Killed a golden eye
   132 | D        | Killed an acid blob
   132 | D        | Killed an Orb Guardian
   133 | D        | Killed a rockslime
   136 | D        | Learned a level 2 spell: Poisonous Vapours
   137 | D        | Killed a quicksilver ooze
   147 | D        | Slain by an iron imp

Illustrated notes

Levels and vault maps discovered:
D:        pitsprint [storerooms_1, entrance_room_1, metal_vault_4, armoury_1,
          mini_pit_1, grid_room_1, main_hall_1, silver_pit, the_coven_1,
          the_vestibule_1, steel_vault_1, golden_pit, hallway_of_sentries,
          crystal_vault_2, iron_vault_3, final_vault]

Skill      XL: |  1 |
---------------+----+-----
Transmutations | 2 |  2.9
Spellcasting   | 3 |  3.2
Poison Magic   | 5 |  5.5
Dodging        | |  1.5
Stealth        | |  3.0

Action                   || total
-------------------------++-------
Melee: Quarterstaff      ||    12
 Cast: Sting             ||     6
 Abil: Spit Poison       ||     1
  Use: Potion            ||     3
Armor: Robe              ||     2
Dodge: Dodged            ||    13

Table legend: (Time is in decaauts)
 A = Elapsed time spent in this place.
 B = Non-inter-level travel time spent in this place.
 C = Inter-level travel time spent in this place.
 D = Time resting spent in this place.
 E = Time spent auto-exploring this place.
 F = Levels seen in this place.
 G = Mean time per level.
                   A        B        C        D        E       F      G
               +--------+--------+--------+--------+--------+-----+--------+
         Total |    183 |    168 |     15 |     51 |      3 |   1 |  183.0 |
       Dungeon |    183 |    168 |     15 |     51 |      3 |   1 |  183.0 |
               +--------+--------+--------+--------+--------+-----+--------+

Top non-repeatable levels by time:
       D: 183 daAuts
